 Dungeon Crawl Stone Soup version 0.20.0-8-g6b59dc7 (webtiles) character file.

95 MDvedh the Poker (level 4, 0/35 HPs)
             Began as a Demonspawn Abyssal Knight on May 31, 2017.
             Was a Follower of Lugonu.
             Slain by an iguana (12 damage)
             ... on level 2 of the Dungeon.
             The game lasted 00:03:30 (2197 turns).

MDvedh the Poker (Demonspawn Abyssal Knight)        Turns: 2197, Time: 00:03:31

Health: 0/35       AC:  5    Str: 13    XL:     4   Next: 39%
Magic:  5/5        EV: 11    Int: 13    God:    Lugonu [*.....]
Gold:   107        SH:  0    Dex: 13    Spells: 3/3 levels left

rFire    . . .     SeeInvis .   a - +1 spear
rCold    . . .     Gourm    .   (no shield)
rNeg     . . .     Faith    .   t - +0 ring mail (curse)
rPois    .         Spirit   .   (no helmet)
rElec    .         Reflect  .   (no cloak)
rCorr    .         Harm     .   (no gloves)
MR       .....                  (no boots)
Stlth    +.........             (no amulet)
Regen    0.2/turn               (no ring)
MPRegen  0.1/turn               (no ring)

@: no status effects
A: claws 2, sturdy frame 1
a: Depart the Abyss, Renounce Religion


You were on level 2 of the Dungeon.
You worshipped Lugonu.
Lugonu was aware of your devotion.
You were not hungry.

You visited 1 branch of the dungeon, and saw 3 of its levels.
You visited the Abyss 1 time.

You collected 107 gold pieces.

Inventory:

Hand Weapons
 a - a +1 spear (weapon)
Armour
 b - a +0 leather armour
 i - a +0 chain mail
 t - a cursed +0 ring mail (worn)
Scrolls
 d - 2 scrolls of blinking {unknown}
 e - 3 scrolls of identify
 g - 2 scrolls of fog {unknown}
 l - 2 scrolls of amnesia {unknown}
 o - a scroll of fear {unknown}
 p - 2 scrolls of remove curse {unknown}
Potions
 f - a potion of mutation {unknown}
 h - a potion of might {unknown}
 j - 2 potions of curing
 k - 2 potions of degeneration {unknown}
 m - a potion of lignification {unknown}
 n - a potion of ambrosia {unknown}
 q - 2 potions of invisibility {unknown}
 s - a potion of haste {unknown}
Comestibles
 c - a bread ration
 r - 3 fruits


   Skills:
 - Level 3.0 Fighting
 + Level 4.2 Polearms
 - Level 1.7 Armour
 - Level 0.8 Dodging
 - Level 2.4 Invocations


You had 3 spell levels left.
You didn't know any spells.

Dungeon Overview and Level Annotations

Branches:
Dungeon (3/15)

Altars:

Annotations:
D:3 Grinder


Innate Abilities, Weirdness & Mutations

You have very sharp fingernails.
Your movements are slightly less encumbered by armour. (ER -2)


Message History

You climb upwards.
There is a stone staircase leading down here.
Unknown command.
Okay, then.
You closely miss the iguana.
The iguana is moderately wounded.
The iguana bites you but does no damage.
You hit the iguana.
The iguana is heavily wounded.
The iguana bites you but does no damage.
You closely miss the iguana.
The iguana is heavily wounded.
The iguana barely misses you.
You barely miss the iguana.
The iguana is heavily wounded.
The iguana bites you but does no damage.
You closely miss the iguana.
The iguana is heavily wounded.
The iguana bites you!
You die...

......# ......# ......#
.####### .......# #.####.#
#รท.#.#.# .#...#.###########
...............l@#########
.#.#.#.##.###.####.......#
.#..)..##.#...# #.#####.#
.+..#####.#.### #.#.#...#
.##.....#.#.# #.#.#.#####
.##.....#.#.######...#.....#
.##.....#.#.......##.#####.#
###.....#.#######.#..#..##.#
###.....#.# #.#.....##.#


You could see an iguana.

Vanquished Creatures
  4 adders
  2 worms (D:2)
  4 dart slugs
  A ball python (D:2)
  7 bats
  2 giant cockroaches
  A goblin (D:1)
  9 hobgoblins
  3 jackals (D:1)
  4 frilled lizards (D:2)
  5 kobolds
  A rat (D:1)
43 creatures vanquished.

Notes
Turn   | Place    | Note
-------+----------+-------------------------------------------
     0 | Abyss:1  | MDvedh the Demonspawn Abyssal Knight began the quest for the Orb.
     0 | Abyss:1  | Reached XP level 1. HP: 18/18 MP: 2/2
     0 | D:1      | Escaped the Abyss
    33 | D:1      | Reached skill level 2 in Polearms
   241 | D:1      | Gained mutation: You have sharp fingernails. [demonic ancestry]
   241 | D:1      | Reached XP level 2. HP: 20/24 MP: 3/3
   251 | D:1      | Reached * piety under Lugonu
   610 | D:1      | Reached skill level 3 in Polearms
   693 | D:1      | Gained mutation: You have very sharp fingernails. [demonic ancestry]
   693 | D:1      | Reached XP level 3. HP: 29/29 MP: 4/4
  1393 | D:2      | Gained mutation: Your movements are slightly less encumbered by armour. (ER -2) [demonic ancestry]
  1393 | D:2      | Reached XP level 4. HP: 25/35 MP: 5/5
  1506 | D:2      | Reached skill level 4 in Polearms
  1675 | D:2      | Found a faded altar of an unknown god.
  2045 | D:3      | Noticed Grinder
  2197 | D:2      | Slain by an iguana

Skill      XL: |  1  2  3  4 |
---------------+-------------+-----
Polearms       | 2 3 4 |  4.2
Fighting       | |  3.0
Armour         | |  1.7
Dodging        | |  0.8
Invocations    | |  2.4

Action                   |  1- 3 |  4- 6 || total
-------------------------+-------+-------++-------
Melee: Spear             |   154 |    56 ||   210
Invok: Depart the Abyss  |     1 |       ||     1
  Use: Scroll            |     1 |       ||     1
       Potion            |     1 |       ||     1
 Stab: Sleeping          |     1 |       ||     1
  Eat: Chunk             |     1 |     3 ||     4
Armor: Leather armour    |    17 |       ||    17
       Chain mail        |    47 |       ||    47
       Ring mail         |       |     7 ||     7
Dodge: Dodged            |    37 |    18 ||    55
